 Dungeon Crawl Stone Soup version 0.20-a0-463-g5747544 (webtiles) character file.

89 Kriby the Ruffian (level 4, -1/44 HPs)
             Began as a Troll Monk on Jan 11, 2017.
             Slain by a gnoll
             ... wielding a +0 halberd
              (13 damage)
             ... on level 3 of the Dungeon.
             The game lasted 00:01:37 (1502 turns).

Kriby the Ruffian (Troll Monk)                      Turns: 1502, Time: 00:01:38

Health: -1/44      AC:  5    Str: 19    XL:     4   Next: 31%
Magic:  3/3        EV: 11    Int:  8    God:
Gold:   93         SH:  0    Dex: 13    Spells: 3/3 levels left

rFire  . . .     SeeInvis .       - Unarmed
rCold  . . .     Gourm    +     a - +0 robe
rNeg   . . .     Faith    .     (no shield)
rPois  .         Spirit   .     (helmet restricted)
rElec  .         Reflect  .     (no cloak)
rCorr  .         Harm     .     (gloves unavailable)
MR     .....                    (boots unavailable)
Stlth  ++........               (no amulet)
                                (no ring)
                                l - +2 ring of intelligence

@: no status effects
A: unfitting armour, claws 3, fast metabolism 3, gourmand, regeneration 1,
shaggy fur 1, tough skin 2
a: no special abilities


You were on level 3 of the Dungeon.
You were completely stuffed.

You visited 1 branch of the dungeon, and saw 3 of its levels.

You collected 93 gold pieces.

Inventory:

Armour
 a - a +0 robe (worn)
Jewellery
 l - a +2 ring of intelligence (left claw)
 m - an uncursed amulet of the gourmand {unknown}
Scrolls
 c - 4 scrolls of identify {unknown}
 f - 2 scrolls of fog {unknown}
 h - a scroll of noise {unknown}
Potions
 e - a potion of heal wounds {unknown}
 i - a potion of mutation {unknown}
 k - a potion of curing {unknown}
Comestibles
 b - 4 bread rations
 d - a meat ration
 g - 3 chunks of flesh
 j - a beef jerky


   Skills:
 - Level 2.5 Fighting
 + Level 3.0 Dodging
 - Level 1.2 Stealth
 * Level 4.3 Unarmed Combat


You had 3 spell levels left.
You didn't know any spells.

Dungeon Overview and Level Annotations

Branches:
Dungeon (3/15)

Altars:

Annotations:
D:2 Ijyb


Innate Abilities, Weirdness & Mutations

You are too large for most types of armour.
You have claws for hands.
Your metabolism is lightning-fast.
You like to eat raw meat.
Your natural rate of healing is unusually fast.
You are covered in fur. (AC +1)
You have very tough skin. (AC +2)


Message History

The gnoll hits you from afar with a halberd!
There are monsters nearby!
The gnoll hits you!
The gnoll throws a throwing net.
The throwing net hits you.
You become entangled in the net!
You see here a throwing net.
You struggle against the net.
You tear a large gash into the net.
You struggle against the net.
The gnoll hits you from afar with a halberd!
You struggle against the net.
The gnoll barely misses you.
You rip the net and break free!
The gnoll hits you from afar with a halberd!
* * * LOW HITPOINT WARNING * * *
The gnoll hits you.
* * * LOW HITPOINT WARNING * * *
There is a stone staircase leading up here.
You can't go up here!
The gnoll hits you from afar with a halberd!
You die...

#................#
###................#
#####............#.#####
......#........)##.#
#.........#...####.#
..#####....##.####.#
.######.##..#...#..#
.##.....###...#...######
....##### ##...@.......
...## #####.........
##รท# #.....g#......
#.### #.####g#######
#...# # #b# ###.### .#
#g# ## #...# .# #.#
..####.## ..# #g# #..#
#..##.## ##.#


You could see 4 gnolls and a bat.

Vanquished Creatures
  4 adders
  3 dart slugs
  A leopard gecko (D:2)
  A giant cockroach (D:2)
  7 hobgoblins
  3 jackals (D:1)
  3 kobolds
  6 bats
  6 frilled lizards
  6 goblins
  11 rats
51 creatures vanquished.

Notes
Turn   | Place    | Note
-------+----------+-------------------------------------------
     0 | D:1      | Kriby the Troll Monk began the quest for the Orb.
     0 | D:1      | Reached XP level 1. HP: 22/22 MP: 0/0
   224 | D:1      | Reached XP level 2. HP: 27/29 MP: 1/1
   802 | D:2      | Reached XP level 3. HP: 36/36 MP: 2/2
  1165 | D:2      | Noticed Ijyb
  1191 | D:2      | Reached skill level 4 in Unarmed Combat
  1344 | D:2      | Reached XP level 4. HP: 41/44 MP: 3/3
  1502 | D:3      | Slain by a gnoll

Vault maps used:
D:1:      minmay_arrival_doors
D:2:      first_bread, minmay_fountain_box, patterned_corridor, uniq_iyjb
D:3:      xom_redecorated

Skill      XL: |  1  2  3  4 |
---------------+-------------+-----
Unarmed Combat | 4 |  4.3
Dodging        | 3 |  3.0
Fighting       | |  2.5
Stealth        | |  1.2

Action                   |  1- 3 |  4- 6 || total
-------------------------+-------+-------++-------
Melee: Unarmed           |   114 |    11 ||   125
       Punch             |     3 |     1 ||     4
 Stab: Sleeping          |     5 |     1 ||     6
  Eat: Chunk             |    18 |     1 ||    19
Armor: Robe              |    36 |     1 ||    37
Dodge: Dodged            |    42 |    11 ||    53
